 Dungeon Crawl Stone Soup version 0.19.0-2-gae57169 (webtiles) character file.

5128 pkoi the Grappler (level 10, -6/90 HPs)
             Began as a Minotaur Fighter on Nov 6, 2016.
             Was a High Priest of Okawaru.
             Mangled by a sun demon (18 damage)
             ... summoned by a kobold demonologist
             ... on level 9 of the Dungeon.
             The game lasted 00:15:44 (9662 turns).

pkoi the Grappler (Minotaur Fighter)                Turns: 9662, Time: 00:15:46

Health: -6/90      AC: 15    Str: 21    XL:     10   Next: 33%
Magic:  10/10      EV:  9    Int:  5    God:    Okawaru [*****.]
Gold:   133        SH: 11    Dex: 13    Spells: 0 memorised, 9 levels left

rFire  . . .     SeeInvis .       - Unarmed
rCold  . . .     Gourm    .     y - +1 chain mail {rPois}
rNeg   + . .     Faith    .     b - +0 shield
rPois  +         Spirit   .     (helmet restricted)
rElec  .         Reflect  .     q - +1 cloak
rCorr  .         Harm     .     (no gloves)
MR     +++..     Clarity  +     A - +0 pair of boots
Stlth  ..........               r - amulet of the Four Winds {rN+ MR+++ Clar}
                                (no ring)
                                h - ring of poison resistance

@: drained
A: retaliatory headbutt, horns 2
a: Heroism, Finesse, Renounce Religion


You were on level 9 of the Dungeon.
You worshipped Okawaru.
Okawaru was extremely pleased with you.
You were full.

You visited 2 branches of the dungeon, and saw 10 of its levels.

You collected 432 gold pieces.
You spent 299 gold pieces at shops.

Inventory:

Armour
 b - a +0 shield (worn)
 q - a +1 cloak (worn)
 y - a +1 chain mail of poison resistance (worn)
 A - a +0 pair of boots (worn)
Jewellery
 e - an uncursed amulet of the gourmand
 h - a ring of poison resistance (left hand)
 r - the amulet of the Four Winds (around neck) {rN+ MR+++ Clar}
   (You bought it in a shop on level 7 of the Dungeon)

   [amulet of nothing]

   It protects you from negative energy.
   It affects your resistance to hostile enchantments.
   It protects you against confusion.
Wands
 c - a wand of lightning (0/15)
 p - a wand of slowing (30/48)
 z - a wand of iceblast (15/15)
Scrolls
 a - a scroll of enchant armour
 f - 3 scrolls of recharging
 i - 9 scrolls of identify
 m - 2 scrolls of magic mapping
 s - a scroll of teleportation
 v - 2 scrolls of enchant weapon
 w - a scroll of amnesia
 B - a scroll of remove curse
 C - a scroll of fear
Potions
 j - a potion of cure mutation
 k - 2 potions of curing
 n - a potion of magic
 u - a potion of agility
Comestibles
 d - 8 bread rations
 g - 7 beef jerkies
 l - a royal jelly
 o - 5 meat rations
 t - 2 slices of pizza
 x - 15 fruits


   Skills:
 + Level 8.4(8.3) Fighting
 + Level 8.5(8.3) Armour
 + Level 6.4(6.3) Dodging
 + Level 8.0(7.9) Shields
 + Level 9.9(9.8) Unarmed Combat
 + Level 1.8(1.6) Invocations


You had 9 spell levels left.
You didn't know any spells.

Dungeon Overview and Level Annotations

Branches:
Dungeon (9/15)             Temple (1/1) D:4            Lair (0/6) D:9
    Orc: D:9-12

Altars:
Ashenzari
Cheibriados
Dithmenos
Elyvilon
Fedhas
Gozag
Hepliaklqana
Kikubaaqudgha
Makhleb
Nemelex Xobeh
Okawaru
Qazlal
Ru
Sif Muna
Trog
Uskayaw
Vehumet
Xom
Yredelemnul
Zin
The Shining One

Shops:
D:7 =


Innate Abilities, Weirdness & Mutations

You reflexively headbutt those who attack you in melee.
You have a pair of horns on your head.


Message History

You are too injured to fight recklessly!
You are too injured to fight recklessly!
You are too injured to fight recklessly!
You are too injured to fight recklessly!
You are too injured to fight recklessly!
You are too injured to fight recklessly!
You are too injured to fight recklessly!
You are too injured to fight recklessly!
You are too injured to fight recklessly!
You are too injured to fight recklessly!
You are too injured to fight recklessly!
You are too injured to fight recklessly!
You are too injured to fight recklessly!
Unknown command.
Unknown command.
You hit the kobold demonologist but do no damage.
The kobold demonologist is severely wounded.
The kobold demonologist gestures wildly while chanting.
The sun demon hits you!!
You die...

########### #####
#........># ..5KKK#####
#.........## ..KKKKK@3.#
#.........#.
..KKKK###.###...........


..KKK #.............## ..KK #####.........# ..K #.........# .. #.........# .
##.######## #.# #.. You could see a sun demon, a kobold demonologist, 13 big
kobolds, a shadow imp and 4 kobolds.

Vanquished Creatures
  Pikel (D:6)
  Prince Ribbit (D:7)
  A steam dragon (D:8)
  Menkaure (D:5)
  2 water moccasins
  6 orc warriors
  3 ice beasts
  A sky beast (D:9)
  A black bear (D:9)
  A slave (D:6)
  A phantom (D:5)
  5 ogres
  4 centaurs
  A big kobold (D:9)
  5 bullfrogs
  4 scorpions
  6 killer bees (D:9)
  A bullfrog zombie (D:6)
  4 crimson imps
  A jelly (D:8)
  5 orc priests
  Crazy Yiuf (D:5)
  A hound (D:4)
  9 orc wizards
  A bullfrog skeleton (D:6)
  Jessica (D:2)
  2 iguanas
  3 worker ants
  Natasha (thrice) (D:3)
  2 hound skeletons
  8 gnolls
  A howler monkey skeleton (D:4)
  14 adders
  2 oozes
  3 adder skeletons
  An adder zombie (D:5)
  5 worms
  3 dart slugs
  2 leopard geckos
  35 orcs
  3 ball pythons
  6 bats
  8 giant cockroaches
  10 goblins
  7 hobgoblins
  14 jackals
  5 quokkas
  8 frilled lizards
  8 kobolds
  12 rats
233 creatures vanquished.

Notes
Turn   | Place    | Note
-------+----------+-------------------------------------------
     0 | D:1      | pkoi the Minotaur Fighter began the quest for the Orb.
     0 | D:1      | Reached XP level 1. HP: 19/19 MP: 0/0
   120 | D:1      | Reached skill level 3 in Unarmed Combat
   120 | D:1      | Reached XP level 2. HP: 26/26 MP: 1/1
   254 | D:1      | Reached XP level 3. HP: 31/31 MP: 2/2
   571 | D:1      | Reached skill level 4 in Unarmed Combat
   766 | D:1      | Reached XP level 4. HP: 25/39 MP: 3/3
   892 | D:2      | Reached skill level 5 in Unarmed Combat
  1309 | D:2      | Reached XP level 5. HP: 45/45 MP: 4/4
  1401 | D:2      | Reached skill level 6 in Unarmed Combat
  1581 | D:2      | Noticed Jessica
  1586 | D:2      | Killed Jessica
  1852 | D:3      | Noticed Natasha
  1854 | D:3      | Killed Natasha
  2135 | D:3      | Noticed Natasha
  2140 | D:3      | Killed Natasha
  2157 | D:3      | Reached skill level 7 in Unarmed Combat
  2157 | D:3      | Reached XP level 6. HP: 43/51 MP: 5/5
  2218 | D:3      | Gained mutation: You are clumsy. (Dex -2) [potion of mutation]
  2218 | D:3      | Gained mutation: You have supernaturally acute eyesight. (SInv) [potion of mutation]
  2218 | D:3      | Gained mutation: You tend to lose your temper in combat. [potion of mutation]
  2643 | D:3      | Noticed Natasha
  2650 | D:3      | Killed Natasha
  2650 | D:3      | Reached skill level 1 in Dodging
  3129 | D:4      | Reached XP level 7. HP: 52/59 MP: 6/6
  3556 | D:4      | Found a staircase to the Ecumenical Temple.
  3571 | Temple   | Entered the Ecumenical Temple
  3676 | Temple   | Became a worshipper of Warmaster Okawaru
  3826 | D:5      | Entered Level 5 of the Dungeon
  3980 | D:5      | Reached skill level 5 in Armour
  3980 | D:5      | Reached skill level 1 in Invocations
  4014 | D:5      | Reached skill level 5 in Fighting
  4117 | D:5      | HP: 3/61 [ogre/giant spiked club (17)]
  4432 | D:5      | Reached * piety under Okawaru
  4432 | D:5      | Reached skill level 8 in Unarmed Combat
  4432 | D:5      | Reached XP level 8. HP: 63/68 MP: 7/7
  4806 | D:5      | Reached skill level 5 in Shields
  5388 | D:5      | Noticed Menkaure
  5398 | D:5      | Killed Menkaure
  5398 | D:5      | Reached ** piety under Okawaru
  5898 | D:5      | Found a runed door.
  5936 | D:5      | Noticed Crazy Yiuf
  5939 | D:5      | Killed Crazy Yiuf
  6038 | D:6      | Lost mutation: You tend to lose your temper in combat. [potion of cure mutation]
  6038 | D:6      | Lost mutation: You are clumsy. (Dex -2) [potion of cure mutation]
  6038 | D:6      | Lost mutation: You have supernaturally acute eyesight. (SInv) [potion of cure mutation]
  6125 | D:6      | Reached XP level 9. HP: 18/78 MP: 8/8
  6572 | D:6      | Reached *** piety under Okawaru
  6572 | D:6      | Reached skill level 9 in Unarmed Combat
  6784 | D:6      | Noticed Pikel
  6857 | D:6      | Killed Pikel
  6857 | D:6      | Reached skill level 5 in Dodging
  7300 | D:7      | Found Loaroent's Jewellery Emporium.
  7307 | D:7      | Bought the amulet of the Four Winds {rN+ MR+++ Clar} for 299 gold pieces
  7447 | D:7      | Noticed Prince Ribbit
  7550 | D:7      | Found a white marble altar of Elyvilon.
  7553 | D:7      | Found a snail-covered altar of Cheibriados.
  7554 | D:7      | Found a glowing golden altar of the Shining One.
  8040 | D:7      | Killed Prince Ribbit
  8188 | D:8      | Reached **** piety under Okawaru
  8468 | D:8      | Found a shadowy altar of Dithmenos.
  8468 | D:8      | Found a blossoming altar of Fedhas.
  8479 | D:8      | Reached XP level 10. HP: 84/88 MP: 9/9
  8889 | D:9      | Reached ***** piety under Okawaru
  9418 | D:9      | Found a shattered altar of Ashenzari.
  9515 | D:9      | Found a staircase to the Lair.
  9609 | D:9      | Noticed a soul eater
  9641 | D:9      | Noticed a smoke demon
  9659 | D:9      | Noticed a sun demon
  9662 | D:9      | Mangled by a sun demon

Skill      XL: |  1  2  3  4  5  6  7  8  9 10 |
---------------+-------------------------------+-----
Unarmed Combat | 3 4 5 7 8 9 |  9.9
Fighting       | 4 5 6 7 8 |  8.4
Dodging        | 1 2 4 6 |  6.4
Shields        | 4 6 7 8 |  8.0
Armour         | 4 5 6 8 |  8.5
Invocations    | 1 |  1.8

Action                   |  1- 3 |  4- 6 |  7- 9 | 10-12 || total
-------------------------+-------+-------+-------+-------++-------
Melee: Unarmed           |    91 |   169 |   423 |   180 ||   863
       Headbutt          |    16 |    23 |    70 |    37 ||   146
Invok: Heroism           |       |       |     1 |     1 ||     2
  Use: Potion            |       |     5 |     9 |       ||    14
       Scroll            |       |       |    13 |     1 ||    14
 Stab: Invisible         |       |       |     2 |       ||     2
  Eat: Chunk             |       |     7 |    25 |     2 ||    34
Armor: Scale mail        |    33 |    44 |    63 |       ||   140
       Chain mail        |       |       |    40 |    61 ||   101
Dodge: Dodged            |    25 |    36 |   119 |    30 ||   210
Block: Shield            |    51 |    64 |   165 |    69 ||   349
